[Event "European Womens-ch 2025"]
[Site "Rhodes"]
[Date "2025.03.31"]
[Round "1.1"]
[White "Batsiashvili, Nino"]
[Black "Schloffer, Jasmin-Denise"]
[Result "1-0"]
[Annotator "TA"]
[ECO "A18"]
[WhiteElo "2473"]
[BlackElo "2188"]
[PlyCount "89"]
[EventDate "2025.03.29"]
[EventType "swiss"]
[EventCountry "GRE"]
[SourceTitle "playchess.com"]
[Source "ChessBase"]
[SourceQuality "1"]
[TimeControl "40/5400+30:1800+30"]

1. c4 Nf6 2. Nc3 e6 3. e4 d5 4. cxd5 exd5 5. e5 Ne4 6. Nf3 Bf5 {[%emt 0:02:39] A18: English Opening: Flohr-Mikenas System (1 c4 Nf6 2 Nc3 e6 3 e4).} 7. d3 Nxc3 8. bxc3 c5 {[%emt 0:00:21] The position is equal.} 9. d4 Nc6 10. Bd3 Bg4 11. O-O Be7 (11... c4 $14 12. Bc2 b5) 12. Be3 (12. h3 $16 Bh5 13. Be3) 12... O-O (12... c4 $11 13. Bc2 Qd7) 13. Qb1 $146 (13. dxc5 Nxe5 14. Be2 Nc4 $11) (13. h3 Bh5 14. Qb1 Bxf3 15. gxf3 g6 16. f4 cxd4 17. cxd4 f5 18. a3 Qd7 19. Kh2 Rac8 20. Qa2 {0-1 Nemcova,K (2325)-Abrahamyan,T (2294) American Cup Elim (Women) rapid 2023 (1.1)}) 13... Qd7 ({Black should try} 13... g6 $14) 14. Bxh7+ (14. h3 Bxf3 15. Bxh7+ (15. Bf5 Qc7 $11) 15... Kh8 16. Bf5 (16. gxf3 $2 g6 $19)) 14... Kh8 $16 15. Bd3 (15. dxc5 g6 16. Bxg6 (16. e6 $2 Qxe6 17. Ng5 Bxg5 $19) 16... Rg8 $17 (16... fxg6 17. Qxg6 Qf5 18. Qxf5 $15)) 15... f5 16. Ng5 (16. dxc5 Bxf3 17. gxf3 Nxe5 $11) (16. Qd1 $16) 16... f4 $11 17. e6 $1 Bxe6 18. Nxe6 Qxe6 19. Bd2 cxd4 20. Re1 {[%emt 0:01:44] Prevents f3.} Qf6 21. cxd4 (21. Qxb7 $2 dxc3 22. Bxc3 Qxc3 $19) 21... Rab8 22. Bc3 Qg5 23. Qd1 Bf6 24. Bf1 b5 (24... Kg8 $142) 25. Rc1 $16 a6 26. Qd3 Kg8 27. Be2 Rfe8 28. Bf3 {[%emt 0:00:16] Prevents Re4.} Ne7 29. Re6 ({White should play} 29. Ba5 $18) 29... b4 (29... Ng6 $16 30. Rd6 (30. Rxa6 Nh4 $16) 30... Rbd8 31. Rxa6 (31. Bxd5+ Kh8 $16) 31... Nh4) 30. Bd2 $18 {[%emt 0:01:02] This pair of bishops is nice.} a5 31. h3 Red8 32. Bg4 Ng6 33. Ra6 {[%emt 0:00:52] Black is weak on the light squares} Ra8 34. Rxa8 Rxa8 35. Rc5 {[%emt 0:00:17] [#] and Be6+ would now be decisive} Ne7 36. g3 Qh6 37. Bxf4 ({Resist} 37. gxf4 $6 Qh7 38. f5 Kh8 $18) 37... Bg5 38. Bxg5 (38. Be5 a4 39. Rc2 Kh8 $16) 38... Qxg5 39. Be6+ Kh8 40. Qf3 a4 $2 (40... Qf6 41. Qh5+ (41. Bxd5 Nxd5 42. Qh5+ Qh6 $18) 41... Qh6) 41. Bxd5 Nxd5 42. Rxd5 Qc1+ 43. Kg2 {[%emt 0:06:20] [#] Rh5+ would kill now.} Rc8 44. Rh5+ Kg8 45. Qd5+ {[%emt 0:00:09] Weighted Error Value: White=0.14 (very precise) /Black=0.59  Mistake:       	White=4     	Black=6      Inaccurate:     	---       	Black=3      OK:         	White=14    	Black=10     Best:        	White=1     	---        Strong:       	White=1     	---} 1-0

[Event "European Womens-ch 2025"]
[Site "Rhodes"]
[Date "2025.03.31"]
[Round "1.2"]
[White "Kirtadze, Anastasia"]
[Black "Injac, Teodora"]
[Result "1-0"]
[Annotator "TA"]
[ECO "C71"]
[WhiteElo "2180"]
[BlackElo "2454"]
[PlyCount "105"]
[EventDate "2025.03.29"]
[EventType "swiss"]
[EventCountry "GRE"]
[SourceTitle "playchess.com"]
[Source "ChessBase"]
[SourceQuality "1"]
[TimeControl "40/5400+30:1800+30"]

1. e4 e5 2. Nf3 Nc6 3. Bb5 a6 4. Ba4 d6 5. c4 Bg4 6. h3 Bxf3 {[%emt 0:00:45] C71: Ruy Lopez: Deferred Steinitz Variation, sidelines.} 7. Bxc6+ bxc6 8. Qxf3 Nf6 {[%emt 0:09:55][%cal Bg8f6,Bf6d7,Bd7c5][%mdl 32] The position is equal.} 9. Nc3 Nd7 10. d3 Nc5 11. Bd2 $146 (11. O-O Be7 12. Ne2 O-O 13. d4 exd4 14. Nxd4 Qe8 15. Be3 Bf6 16. Rad1 Nxe4 17. Rfe1 Bxd4 18. Bxd4 {1-0 Adams,M (2677)-Alekseenko,K (2679) Salamanca Masters 7th rapid 2024 (7)}) 11... Be7 12. O-O-O (12. b4 $11 Ne6 13. O-O) 12... O-O 13. g4 (13. h4 $11 {was preferable.}) 13... Bh4 $15 14. Be3 Ne6 15. Ne2 c5 16. Qg2 Rb8 17. Ng3 (17. Rd2 $15) 17... Bxg3 (17... g6 $17) 18. fxg3 $11 c6 19. Bd2 a5 20. h4 a4 21. Bc3 Rb7 22. Rhf1 Qb6 ({Better is} 22... f6 $15) 23. g5 Rfb8 24. Rf2 Nd4 25. Bxd4 {[%emt 0:03:30] Successful Defense White} cxd4 26. Rc2 Qd8 27. Rf1 Qa5 28. h5 Qd8 29. Rf5 Qd7 30. g4 Rb4 31. Rcf2 Qb7 {[%emt 0:04:28][%cal Oa4a3] ...a3! is the strong threat.} 32. h6 $2 {[%emt 0:03:34][%mdl 8192] [#]} (32. Rxf7 $11 Qxf7 33. Rxf7 Kxf7 34. g6+ hxg6 35. Qf2+ Ke7 36. Qh4+ (36. hxg6 Rf8 $15) 36... Ke8 37. hxg6) 32... a3 $1 $19 33. Rxf7 {[%emt 0:00:37] Qf3 would now be deadly.} (33. g6 axb2+) 33... axb2+ 34. Kb1 Qa6 {[%emt 0:00:39][%cal Oa6a2] ( -> ...Qxa2+!)} (34... Qxf7 35. Rxf7 Kxf7 36. hxg7 $19) 35. Qf1 {[%emt 0:00:47] [#]} Qxa2+ $3 36. Kxa2 Ra4+ $4 (36... b1=Q+ 37. Qxb1 Ra4#) 37. Kb1 $18 Ra1+ 38. Kc2 b1=Q+ 39. Qxb1 Raxb1 40. Rxg7+ {[%emt 0:00:00][%mdl 4096] Endgame KRR-KRR. White is a pawn up.} Kh8 {[%emt 0:00:00][%csl Gb1][%cal Rb8b2] [#]} 41. Rf8+ $3 Rxf8 42. Kxb1 {[%emt 0:00:01] KR-KR. White is a pawn up.} Rf4 43. Re7 {[%emt 0:26:39] Re8+ would kill now.} Kg8 {[%emt 0:00:49] [#]} 44. c5 $1 dxc5 45. Rxe5 Rxg4 46. Rxc5 Kf7 $2 {[%emt 0:00:49] [#]} (46... Rg2 {is more resistant.} 47. Rxc6 Rxg5) 47. Kc2 $1 ({Weaker is} 47. Rxc6 Rxg5 48. Rd6 Ke7 $16) 47... Rg3 48. Rxc6 Ke7 $2 (48... Rxg5 49. Kb3 Rg1 50. Rc7+ Kg8) 49. Rc7+ Kd6 50. Rxh7 Rxg5 51. Kb3 (51. Rh8 $142 Rg2+ 52. Kb3 Rd2 53. Kc4 Rc2+ 54. Kxd4 Rc7 55. h7 Kc6 56. Ke3) 51... Rc5 52. Rh8 Rh5 53. h7 {[%emt 0:00:17] Quite a comeback for White.   Weighted Error Value: White=0.66/Black=0.57  Loses game:     	White=1     	---        Mistake:       	White=3     	Black=4      Inaccurate:     	White=6     	Black=6      OK:         	White=12    	Black=10     Best:        	White=3     	Black=2      Strong:       	White=1     	---        Brilliant:      	White=1     	Black=1} 1-0

[Event "European Womens-ch 2025"]
[Site "Rhodes"]
[Date "2025.03.31"]
[Round "1.3"]
[White "Arabidze, Meri"]
[Black "Terbe, Zsuzsanna"]
[Result "1-0"]
[Annotator "TA"]
[ECO "A11"]
[WhiteElo "2447"]
[BlackElo "2179"]
[PlyCount "45"]
[EventDate "2025.03.29"]
[EventType "swiss"]
[EventCountry "GRE"]
[SourceTitle "playchess.com"]
[Source "ChessBase"]
[SourceQuality "1"]
[TimeControl "40/5400+30:1800+30"]

1. Nf3 d5 2. c4 c6 3. g3 Bg4 4. Ne5 Be6 5. d4 Nd7 6. cxd5 {[%emt 0:00:52] A11: English Opening: 1...c6.} Bxd5 7. f3 Nxe5 8. dxe5 {[%emt 0:00:03] The position is equal.} Qc7 $146 (8... g6 9. e4 Be6 10. Qxd8+ Rxd8 11. Be3 Bh6 12. f4 f6 13. exf6 Nxf6 14. Nc3 b6 {½-½ Pantsulaia,L (2564)-Andreikin,D (2729) Aimchess Rapid Div 3 L 2023 (5.3)}) 9. Qd4 e6 (9... Be6 $11 {keeps the balance.}) 10. Nc3 c5 11. Nxd5 Qd7 12. Qc3 exd5 13. Bg2 f6 (13... c4 $14) 14. f4 $16 Be7 (14... Qe6 $16 15. O-O O-O-O) 15. O-O $18 fxe5 16. fxe5 {[%emt 0:00:43][%cal Oe5e6] aiming for e6!.} Qe6 17. b4 cxb4 18. Qd4 Rd8 19. Qxa7 Qxe5 $2 {[%emt 0:03:46] [#]} (19... Rd7 {was called for.} 20. Rb1 Qxe5) 20. Qa4+ $1 {[%emt 0:06:50] White is clearly winning.} Rd7 {[%emt 0:00:45] [#]} 21. Bh3 $1 {[%emt 0:00:09][%csl Gh3][%cal Ra4d7] This pair of bishops is nice.} Bc5+ 22. Kh1 Qe7 {[%emt 0:06:50] [#]} 23. Bg5 $1 {[%emt 0:04:40][%mdl 512] Inhibits Nf6.   Weighted Error Value: White=0.09 (flawless) /Black=0.61  Mistake:       	---       	Black=4      Inaccurate:     	White=2     	Black=2      OK:         	White=6     	Black=5      Best:        	White=1     	---        Strong:       	White=2     	---} 1-0

[Event "European Womens-ch 2025"]
[Site "Rhodes"]
[Date "2025.03.31"]
[Round "1.4"]
[White "Rodshtein, Tereza"]
[Black "Tsolakidou, Stavroula"]
[Result "1/2-1/2"]
[Annotator "TA"]
[ECO "C01"]
[WhiteElo "2171"]
[BlackElo "2445"]
[PlyCount "64"]
[EventDate "2025.03.29"]
[EventType "swiss"]
[EventCountry "GRE"]
[SourceTitle "playchess.com"]
[Source "ChessBase"]
[SourceQuality "1"]
[TimeControl "40/5400+30:1800+30"]

1. e4 e6 2. d4 d5 3. exd5 exd5 4. Nf3 Bd6 5. Bd3 Nc6 6. c3 Nge7 7. O-O O-O {[%emt 0:04:12] C01: French: Exchange Variation.} 8. Qc2 h6 9. h3 Be6 10. Re1 Qd7 11. Nbd2 Rae8 12. Nf1 f5 $146 (12... Bf5 13. Bd2 Bxd3 14. Qxd3 Ng6 15. Rad1 a6 16. b3 Nd8 17. Ne3 c6 18. Ng4 Ne6 {½-½ Doan,P (1467)-Nguyen,X Ho Chi Minh City HD Bank op-B 6th 2016 (5)}) 13. Bd2 Ng6 14. b4 Qf7 15. Re2 Nce7 16. Rae1 {[%emt 0:01:08] White is more active.} Nc8 17. N1h2 Bxh2+ 18. Kxh2 Nd6 19. Ne5 {[%emt 0:02:10] Strong Square White (e5)} Nxe5 20. Rxe5 Nc4 21. Bxc4 dxc4 22. Qc1 f4 23. f3 g5 $1 24. R1e2 Bd7 25. Qe1 Rxe5 26. Rxe5 Re8 27. h4 Kf8 28. hxg5 hxg5 {[%emt 0:00:07] The position is equal.} ({But not} 28... Qh5+ $6 29. Kg1 $18) 29. Kg1 Bc6 30. Rxe8+ Qxe8 31. Qxe8+ Kxe8 32. Kf2 Kf7 {[%emt 0:01:33] Weighted Error Value: White=0.10 (very precise) /Black=0.10 (very precise)   Inaccurate:     	White=4     	Black=5      OK:         	White=9     	Black=9      Strong:       	---       	Black=1} 1/2-1/2

[Event "European Womens-ch 2025"]
[Site "Rhodes"]
[Date "2025.03.31"]
[Round "1.5"]
[White "Wagner, Dinara"]
[Black "Bochnickova, Simona"]
[Result "1/2-1/2"]
[Annotator "RC"]
[ECO "D36"]
[WhiteElo "2440"]
[BlackElo "2167"]
[PlyCount "130"]
[EventDate "2025.03.29"]
[EventType "swiss"]
[EventCountry "GRE"]
[SourceTitle "playchess.com"]
[Source "ChessBase"]
[SourceQuality "1"]
[TimeControl "40/5400+30:1800+30"]

1. d4 d5 2. c4 e6 3. Nc3 Nf6 4. cxd5 exd5 5. Bg5 Be7 6. e3 O-O 7. Bd3 c6 8. Nge2 h6 9. Bh4 Nbd7 10. Qc2 Re8 11. O-O Ne4 12. Bxe7 Qxe7 13. Bxe4 dxe4 14. d5 Nc5 15. Rad1 Bg4 16. dxc6 bxc6 17. Rd4 a5 18. Ng3 Rad8 19. h3 Bc8 20. Rfd1 Rxd4 21. Rxd4 f5 22. Nce2 Qe5 23. Qc3 a4 24. Rc4 Qxc3 25. Nxc3 Nd3 26. Nxa4 Ba6 27. Rc3 Bb5 28. Nc5 Re5 29. Nd7 Re7 30. Nb6 Nxb2 31. Nxf5 Rf7 32. g4 Ra7 33. a3 Rb7 34. Nc8 Rd7 35. Nd4 Nc4 36. a4 Ba6 37. a5 c5 38. Nf5 Rd1+ 39. Kg2 Nd2 40. Ncd6 Nf3 41. Nxe4 Be2 42. Nxh6+ Kh7 43. Kg3 g5 44. Nxg5+ Nxg5 45. Ra3 Kxh6 46. a6 Bf3 47. a7 Ba8 48. Ra6+ Kg7 49. Ra5 Ne4+ 50. Kh4 Rd8 51. g5 Nxf2 52. Rb5 c4 53. Rb4 c3 54. Rc4 Ne4 55. Rc7+ Kg8 56. Kg4 Bd5 57. h4 Nf2+ 58. Kf4 Nd1 59. h5 Re8 60. g6 Be4 61. Kg5 c2 62. h6 Nxe3 63. Rg7+ Kf8 64. Rf7+ Kg8 65. Rg7+ Kf8 1/2-1/2

[Event "European Womens-ch 2025"]
[Site "Rhodes"]
[Date "2025.03.31"]
[Round "1.6"]
[White "Abdinova, Narmin"]
[Black "Javakhishvili, Lela"]
[Result "1/2-1/2"]
[Annotator "RC"]
[ECO "E04"]
[WhiteElo "2165"]
[BlackElo "2429"]
[PlyCount "66"]
[EventDate "2025.03.29"]
[EventType "swiss"]
[EventCountry "GRE"]
[SourceTitle "playchess.com"]
[Source "ChessBase"]
[SourceQuality "1"]
[TimeControl "40/5400+30:1800+30"]

1. d4 Nf6 2. c4 e6 3. g3 d5 4. Bg2 dxc4 5. Nf3 c6 6. O-O b5 7. Ne5 Bb7 8. b3 cxb3 9. a4 b4 10. a5 Nd5 11. Qxb3 Be7 12. e4 Nc7 13. Be3 O-O 14. Rc1 Nb5 15. Qb2 Qe8 16. Nd3 Na6 17. Nc5 Bxc5 18. dxc5 e5 19. Nd2 Rd8 20. Bf1 Kh8 21. Nc4 f6 22. Nd6 Nxd6 23. cxd6 f5 24. exf5 Rxf5 25. Bxa7 c5 26. Bxa6 Bxa6 27. Rxc5 Bb7 28. Re1 Qh5 29. Rcxe5 Qf3 30. Kf1 Ba6+ 31. Kg1 Bb7 32. Kf1 Ba6+ 33. Kg1 Bb7 1/2-1/2

[Event "European Womens-ch 2025"]
[Site "Rhodes"]
[Date "2025.03.31"]
[Round "1.7"]
[White "Ushenina, Anna"]
[Black "Pavlidou, Ekaterini"]
[Result "1-0"]
[Annotator "RC"]
[ECO "A46"]
[WhiteElo "2428"]
[BlackElo "2160"]
[PlyCount "109"]
[EventDate "2025.03.29"]
[EventType "swiss"]
[EventCountry "GRE"]
[SourceTitle "playchess.com"]
[Source "ChessBase"]
[SourceQuality "1"]
[TimeControl "40/5400+30:1800+30"]

1. d4 Nf6 2. Nf3 e6 3. Bg5 c5 4. e3 Nc6 5. c3 h6 6. Bh4 g5 7. Bg3 Qb6 8. Qc2 Nh5 9. Nbd2 Nxg3 10. hxg3 cxd4 11. exd4 Be7 12. Nc4 Qc7 13. Ne3 d5 14. Rh5 Bd7 15. g4 O-O-O 16. O-O-O Be8 17. Rh3 f6 18. Bd3 Bf7 19. Kb1 Kb8 20. Bg6 Bg8 21. Rdh1 Bf8 22. Nf1 Ne7 23. Bd3 e5 24. N3d2 Nc6 25. Nb3 e4 26. Be2 Rc8 27. Ne3 a5 28. Nc1 Ne7 29. Qb3 Qd7 30. Bb5 Qd8 31. Ne2 Rc7 32. Qa4 b6 33. Ng3 Be6 34. Qb3 Qc8 35. f3 exf3 36. gxf3 Ng6 37. Nh5 Nf4 38. Nxf4 gxf4 39. Nxd5 Qd8 40. c4 Bxd5 41. cxd5 f5 42. Bd3 Qf6 43. Bxf5 Qxd4 44. Rd1 Qc5 45. Rh2 Be7 46. Rc2 Qd6 47. Rdc1 Rxc2 48. Rxc2 Bd8 49. Rc8+ Ka7 50. Qc4 Re8 51. Qc6 Re1+ 52. Kc2 Qxc6+ 53. dxc6 Bf6 54. c7 Kb7 55. Rf8 1-0

[Event "European Womens-ch 2025"]
[Site "Rhodes"]
[Date "2025.03.31"]
[Round "1.8"]
[White "Yildiz, Elif Zeren"]
[Black "Stefanova, Antoaneta"]
[Result "1/2-1/2"]
[Annotator "RC"]
[ECO "C45"]
[WhiteElo "2160"]
[BlackElo "2426"]
[PlyCount "91"]
[EventDate "2025.03.29"]
[EventType "swiss"]
[EventCountry "GRE"]
[SourceTitle "playchess.com"]
[Source "ChessBase"]
[SourceQuality "1"]
[TimeControl "40/5400+30:1800+30"]

1. e4 e5 2. Nf3 Nc6 3. d4 exd4 4. Nxd4 Qf6 5. Nb5 Bc5 6. Qf3 Qxf3 7. gxf3 Kd8 8. Be3 Bxe3 9. fxe3 a6 10. Nd4 Nge7 11. Nc3 Ne5 12. Be2 d6 13. O-O-O c5 14. Nb3 Kc7 15. Rhg1 g6 16. f4 N5c6 17. Bc4 Rf8 18. a4 b6 19. Nd2 Be6 20. Rg5 Nb4 21. Bxe6 fxe6 22. h4 Rad8 23. h5 d5 24. hxg6 hxg6 25. a5 bxa5 26. Nb3 c4 27. Nc5 Rd6 28. Re5 Rf6 29. exd5 Nexd5 30. Nxd5+ exd5 31. c3 Nd3+ 32. Nxd3 cxd3 33. Rxd3 Rf5 34. Re7+ Kc6 35. Ra7 Kb6 36. Rg7 Re6 37. Kc2 a4 38. Rd4 Rxe3 39. Rxg6+ Kb5 40. Rd6 Re2+ 41. Kb1 a3 42. R6xd5+ Rxd5 43. Rxd5+ Kc6 44. Ra5 Rxb2+ 45. Ka1 Rb3 46. Ka2 1/2-1/2

[Event "European Womens-ch 2025"]
[Site "Rhodes"]
[Date "2025.03.31"]
[Round "1.9"]
[White "Khotenashvili, Bella"]
[Black "Eric, Jovana"]
[Result "1-0"]
[Annotator "RC"]
[ECO "D94"]
[WhiteElo "2418"]
[BlackElo "2147"]
[PlyCount "77"]
[EventDate "2025.03.29"]
[EventType "swiss"]
[EventCountry "GRE"]
[SourceTitle "playchess.com"]
[Source "ChessBase"]
[SourceQuality "1"]
[TimeControl "40/5400+30:1800+30"]

1. Nf3 d5 2. e3 Nf6 3. c4 c6 4. d4 g6 5. Nc3 Bg7 6. a4 O-O 7. Qb3 Qb6 8. Qa3 Re8 9. a5 Qd8 10. Qb3 e6 11. Be2 Nbd7 12. O-O Ne4 13. Nxe4 dxe4 14. Nd2 e5 15. d5 Nc5 16. Qa3 Bf8 17. b4 Na6 18. d6 Bxd6 19. c5 Be7 20. Nxe4 Be6 21. Bb2 Bd5 22. Rad1 Qc8 23. Nd6 Bxd6 24. cxd6 Qe6 25. f3 Rad8 26. b5 Nb8 27. Qb4 cxb5 28. Bxb5 Nc6 29. Qc5 a6 30. Rxd5 axb5 31. Rfd1 Nxa5 32. Rxe5 Qb3 33. Rxe8+ Rxe8 34. Qd4 f6 35. d7 Rd8 36. Rd3 Qa2 37. Qxf6 Qb1+ 38. Kf2 Qc2+ 39. Kg3 1-0

[Event "European Womens-ch 2025"]
[Site "Rhodes"]
[Date "2025.03.31"]
[Round "1.10"]
[White "Piddubna, Bozhena"]
[Black "Kulon, Klaudia"]
[Result "1-0"]
[Annotator "RC"]
[ECO "E68"]
[WhiteElo "2145"]
[BlackElo "2401"]
[PlyCount "101"]
[EventDate "2025.03.29"]
[EventType "swiss"]
[EventCountry "GRE"]
[SourceTitle "playchess.com"]
[Source "ChessBase"]
[SourceQuality "1"]
[TimeControl "40/5400+30:1800+30"]

1. d4 Nf6 2. Nf3 g6 3. c4 Bg7 4. g3 O-O 5. Bg2 d6 6. Nc3 Nbd7 7. O-O e5 8. e4 exd4 9. Nxd4 Re8 10. Re1 Nc5 11. f3 Nfd7 12. Be3 Ne5 13. Bf1 a5 14. Nb3 Be6 15. f4 Nxc4 16. Bxc4 Bxc4 17. Nxc5 dxc5 18. Qa4 b5 19. Nxb5 Rxe4 20. Bf2 Rxe1+ 21. Rxe1 Be6 22. Bxc5 Qd2 23. Bf2 Rb8 24. Rd1 Qe2 25. Nd4 Qc4 26. Qxc4 Bxc4 27. Nc6 Ra8 28. b3 Be6 29. Bd4 Bf8 30. Bf6 Bd6 31. Be7 Bxe7 32. Nxe7+ Kf8 33. Nd5 Ra7 34. Nc3 Ra6 35. Kf2 Bg4 36. Rc1 Re6 37. Rc2 Bf5 38. Rc1 Rc6 39. Ne2 Rd6 40. Rxc7 Rd2 41. Ke3 Rxa2 42. Nd4 Bg4 43. Rc2 Ra3 44. Ke4 Kg7 45. Ke5 h5 46. Rc7 Ra2 47. f5 Rxh2 48. Ne6+ Kh6 49. Rc8 Kh7 50. Ng5+ Kh6 51. Kf6 1-0

[Event "European Womens-ch 2025"]
[Site "Rhodes"]
[Date "2025.03.31"]
[Round "1.11"]
[White "Beydullayeva, Govhar"]
[Black "Zaksaite, Salomeja"]
[Result "1-0"]
[Annotator "RC"]
[ECO "D85"]
[WhiteElo "2400"]
[BlackElo "2137"]
[PlyCount "63"]
[EventDate "2025.03.29"]
[EventType "swiss"]
[EventCountry "GRE"]
[SourceTitle "playchess.com"]
[Source "ChessBase"]
[SourceQuality "1"]
[TimeControl "40/5400+30:1800+30"]

1. d4 Nf6 2. c4 g6 3. Nc3 d5 4. cxd5 Nxd5 5. e4 Nxc3 6. bxc3 Bg7 7. Nf3 c5 8. h3 O-O 9. Be2 cxd4 10. cxd4 Nc6 11. Be3 Qa5+ 12. Bd2 Qa3 13. d5 Ne5 14. O-O f5 15. Nxe5 Bxe5 16. Rb1 Qd6 17. Bb4 Qf6 18. f4 Bd4+ 19. Kh1 fxe4 20. Bxe7 Qxe7 21. Qxd4 b6 22. d6 Qf6 23. Qxe4 Bf5 24. Qd5+ Kg7 25. Rbc1 Rad8 26. Rc7+ Rf7 27. Rxf7+ Qxf7 28. Qe5+ Qf6 29. Rd1 Be6 30. Rc1 Rc8 31. Rc7+ Rxc7 32. dxc7 1-0

[Event "European Womens-ch 2025"]
[Site "Rhodes"]
[Date "2025.03.31"]
[Round "1.12"]
[White "Ciolacu, Alessia-Mihaela"]
[Black "Danielian, Elina"]
[Result "0-1"]
[Annotator "RC"]
[ECO "A37"]
[WhiteElo "2136"]
[BlackElo "2398"]
[PlyCount "80"]
[EventDate "2025.03.29"]
[EventType "swiss"]
[EventCountry "GRE"]
[SourceTitle "playchess.com"]
[Source "ChessBase"]
[SourceQuality "1"]
[TimeControl "40/5400+30:1800+30"]

1. Nf3 c5 2. c4 g6 3. g3 Bg7 4. Bg2 Nc6 5. Nc3 e6 6. h4 h6 7. d3 Nge7 8. h5 g5 9. Nh2 d5 10. Ng4 f5 11. cxd5 exd5 12. Nh2 d4 13. Nb1 Be6 14. Nd2 O-O 15. a3 Rc8 16. Qc2 b6 17. Qa4 Nd5 18. Nc4 Qe7 19. O-O Rfd8 20. Bd2 Qb7 21. Qd1 Qf7 22. Qa4 Qb7 23. Qc2 a6 24. e4 dxe3 25. fxe3 Qc7 26. e4 Nd4 27. Qd1 fxe4 28. dxe4 Ne7 29. Rc1 Qxg3 30. Rc3 Qb8 31. Ne3 Rf8 32. Nd5 Qd6 33. Nxe7+ Qxe7 34. a4 Rcd8 35. Qe1 Rxf1+ 36. Nxf1 Bg4 37. Ng3 Be5 38. Re3 Nc2 39. Qf2 Rxd2 40. Qxd2 Nxe3 0-1

[Event "European Womens-ch 2025"]
[Site "Rhodes"]
[Date "2025.03.31"]
[Round "1.13"]
[White "Daulyte-Cornette, Deimante"]
[Black "Chelushkina, Irina"]
[Result "1/2-1/2"]
[Annotator "RC"]
[ECO "B54"]
[WhiteElo "2389"]
[BlackElo "2134"]
[PlyCount "113"]
[EventDate "2025.03.29"]
[EventType "swiss"]
[EventCountry "GRE"]
[SourceTitle "playchess.com"]
[Source "ChessBase"]
[SourceQuality "1"]
[TimeControl "40/5400+30:1800+30"]

1. e4 c5 2. Nf3 Nc6 3. Nc3 d6 4. d4 cxd4 5. Nxd4 e5 6. Nf5 g6 7. Ne3 Nf6 8. Nc4 Nd4 9. Be3 b5 10. Bxd4 bxc4 11. Be3 Be6 12. Bg5 Be7 13. Be2 Rb8 14. Rb1 O-O 15. O-O Qa5 16. Qd2 Qc5 17. Be3 Qc6 18. Bxa7 Rb7 19. Be3 Rfb8 20. b3 Rc7 21. Bxc4 Bxc4 22. bxc4 Ra8 23. Bg5 Nxe4 24. Nxe4 Qxe4 25. Bxe7 Rxe7 26. Qxd6 Ree8 27. Qd5 Qxc2 28. Rb7 Qf5 29. c5 Red8 30. Qb3 Rac8 31. Qc3 e4 32. Rb5 Rd5 33. Rc1 Qd7 34. Qb3 Rd3 35. Qb1 Rd2 36. Rb8 Rxb8 37. Qxb8+ Kg7 38. Qb3 Qd4 39. Rf1 Qxc5 40. a4 h5 41. h4 Rd3 42. Qb2+ Kh7 43. Qf6 Rd7 44. Re1 Qb4 45. Ra1 Qa5 46. Kh2 Qc7+ 47. Kg1 Rd6 48. Qg5 Qc3 49. Rc1 Qd4 50. a5 Rd5 51. Qe7 Rf5 52. Rf1 Qc4 53. Qa3 e3 54. Qxe3 Rxa5 55. g3 Qd5 56. Qc3 Rc5 57. Qf6 1/2-1/2

[Event "European Womens-ch 2025"]
[Site "Rhodes"]
[Date "2025.03.31"]
[Round "1.14"]
[White "Cornileau, Juliette"]
[Black "Mkrtchian, Lilit"]
[Result "0-1"]
[Annotator "RC"]
[ECO "C03"]
[WhiteElo "2130"]
[BlackElo "2388"]
[PlyCount "86"]
[EventDate "2025.03.29"]
[EventType "swiss"]
[EventCountry "GRE"]
[SourceTitle "playchess.com"]
[Source "ChessBase"]
[SourceQuality "1"]
[TimeControl "40/5400+30:1800+30"]

1. e4 e6 2. d4 d5 3. Nd2 Be7 4. Ngf3 Nf6 5. e5 Nfd7 6. c4 c5 7. dxc5 Nxc5 8. cxd5 exd5 9. Nb3 Nxb3 10. Qxb3 O-O 11. Bd3 Nc6 12. O-O Bg4 13. Bb1 Bxf3 14. Qxf3 Nxe5 15. Bxh7+ Kxh7 16. Qh5+ Kg8 17. Qxe5 Bf6 18. Qf5 Re8 19. Qd3 Qd7 20. Rb1 Rac8 21. Be3 d4 22. Bf4 Qd5 23. Rbe1 Qxa2 24. Qb5 Rxe1 25. Rxe1 b6 26. h4 Bxh4 27. Bc7 Bf6 28. Qf5 Rf8 29. Bd6 Rd8 30. Bc7 Rf8 31. Bd6 Ra8 32. g4 Qa5 33. Qe4 Rd8 34. Bc7 Rc8 35. Bf4 g6 36. Rd1 Qa4 37. Re1 Qd7 38. Bg3 d3 39. Rd1 d2 40. Qe2 Rc1 41. Bf4 Bxb2 42. Kh2 Rxd1 43. Qxd1 Bc3 0-1

[Event "European Womens-ch 2025"]
[Site "Rhodes"]
[Date "2025.03.31"]
[Round "1.15"]
[White "Fataliyeva, Ulviyya"]
[Black "Dicen, Elis Denele"]
[Result "1-0"]
[Annotator "RC"]
[ECO "E05"]
[WhiteElo "2387"]
[BlackElo "2129"]
[PlyCount "69"]
[EventDate "2025.03.29"]
[EventType "swiss"]
[EventCountry "GRE"]
[SourceTitle "playchess.com"]
[Source "ChessBase"]
[SourceQuality "1"]
[TimeControl "40/5400+30:1800+30"]

1. Nf3 d5 2. g3 Nf6 3. Bg2 e6 4. c4 Be7 5. O-O O-O 6. d4 dxc4 7. Qa4 a6 8. Qxc4 b5 9. Qc2 Bb7 10. Bd2 Nbd7 11. Ba5 Rc8 12. Nbd2 Qe8 13. b4 Bd6 14. e4 e5 15. Rfe1 Qe7 16. a3 Rfe8 17. Rad1 c6 18. Nb3 Qf8 19. dxe5 Nxe5 20. Nxe5 Bxe5 21. Nc5 Re7 22. Bh3 Ra8 23. Nxb7 Rxb7 24. Qxc6 Rbb8 25. f4 Bb2 26. Qc2 Bxa3 27. Qb3 Bxb4 28. Bxb4 Qe8 29. e5 Nh5 30. e6 fxe6 31. Bxe6+ Kh8 32. Bf7 Qc6 33. Bxh5 a5 34. Bf3 Qb6+ 35. Qe3 1-0

[Event "European Womens-ch 2025"]
[Site "Rhodes"]
[Date "2025.03.31"]
[Round "1.16"]
[White "Nadzamova, Viktoria"]
[Black "Narva, Mai"]
[Result "0-1"]
[Annotator "RC"]
[ECO "B26"]
[WhiteElo "2122"]
[BlackElo "2380"]
[PlyCount "82"]
[EventDate "2025.03.29"]
[EventType "swiss"]
[EventCountry "GRE"]
[SourceTitle "playchess.com"]
[Source "ChessBase"]
[SourceQuality "1"]
[TimeControl "40/5400+30:1800+30"]

1. e4 c5 2. Nc3 Nc6 3. g3 g6 4. Bg2 Bg7 5. d3 Rb8 6. Be3 d6 7. Qd2 b5 8. Nge2 b4 9. Nd1 Nd4 10. O-O e6 11. Nc1 Ne7 12. c3 bxc3 13. bxc3 Ndc6 14. Bh6 O-O 15. Bxg7 Kxg7 16. Ne3 a5 17. a4 d5 18. Qc2 Ba6 19. exd5 exd5 20. Re1 Qd6 21. Ne2 d4 22. Nc4 Qf6 23. cxd4 cxd4 24. Nf4 Nb4 25. Qd2 Nec6 26. Rac1 Rfc8 27. Bh3 Rd8 28. Re4 Bxc4 29. dxc4 d3 30. Bg2 Nd4 31. Rd1 Rbc8 32. Nd5 Nxd5 33. cxd5 Rc2 34. Qe3 Ne2+ 35. Kh1 Nc3 36. Rxd3 Nxe4 37. Bxe4 Rxf2 38. Qd4 Rb8 39. Qxf6+ Kxf6 40. Re3 Rbb2 41. Kg1 Rfe2 0-1